 Dungeon Crawl Stone Soup version 0.29-a0-1023-g6ae1a4a2c7 (webtiles) character file.

Game seed: 12528737998145321627

17665 flotson the Prestidigitator (level 12, -1/97 HPs)
             Began as a Demonspawn Delver on Aug 11, 2022.
             Killed from afar by a hellion (21 damage)
             ... with damnation
             ... on level 2 of the Abyss on Aug 12, 2022.
             The game lasted 00:30:58 (11172 turns).

flotson the Prestidigitator (Demonspawn Delver)    Turns: 11172, Time: 00:30:59

Health: -1/97      AC: 27    Str: 22    XL:     12   Next: 20%
Magic:  12/12      EV: 12    Int:  8    God:
Gold:   442        SH:  0    Dex: 17    Spells: 11/11 levels left

rFire   . . .      SeeInvis .   b - +4 broad axe
rCold   . . .      Faith    .   (no shield)
rNeg    . . .      Spirit   .   Z - +2 chain mail {rPois}
rPois   +          Reflect  .   (helmet restricted)
rElec   .          Harm     .   F - +0 cloak {rPois}
rCorr   .          Rampage  .   h - +3 Mad Mage's Maulers {Infuse+∞ RegenMP Int-3}
Will    .....                   j - +0 pair of boots
Stlth   ..........              B - amulet of regeneration
HPRegen 0.00/turn               p - +4 ring of protection
MPRegen 0.53/turn               Y - ring "Numoch" {rPois Str+6}

@: mighty, about to teleport, sick, slowed, studying Evocations, very slow
A: antennae 1, icy blue scales 2, ignite blood 2, powered by pain 1
a: no special abilities


You were on level 2 of the Abyss.
You visited 3 branches of the dungeon, and saw 12 of its levels.
You visited the Abyss 1 time.
You also visited: Bailey.

You collected 1565 gold pieces.
You spent 1123 gold pieces at shops.

Inventory:

Hand Weapons
 a - the +8 whip "Snakebite" {venom, curare, rPois}
   (You found it on level 1 of the Lair of Beasts)

   It poisons the flesh of those it strikes.
   It occasionally inflicts asphyxiating poison on those it strikes, dealing
   poison damage and causing slowness.
   rPois:     It protects you from poison.
 b - a +4 broad axe (weapon)
Missiles
 o - 2 throwing nets
 w - 19 boomerangs
 x - 28 poisoned darts
 L - a boomerang of dispersal
 N - 4 datura-tipped darts
 O - 9 curare-tipped darts (quivered)
 R - 4 atropa-tipped darts
Armour
 h - the +3 Mad Mage's Maulers (worn) {Infuse+∞ RegenMP Int-3}
   (You found it on level 9 of the Dungeon)

   It empowers its wearer's blows with all of their magic.
   It causes its wearer's magical reserves to regenerate more quickly.
   Int:       It affects your intelligence (-3).
 j - a +0 pair of boots (worn)
 F - a +0 cloak of poison resistance (worn)
 H - a +1 ring mail of fire resistance
 Z - a +2 chain mail of poison resistance (worn)
Jewellery
 e - an amulet of reflection
 p - a +4 ring of protection (left hand)
 B - an amulet of regeneration (around neck)
 P - the amulet "Fejuic Hauq" {Faith Fly rElec rCorr}
   (You found it in a bailey)

   [amulet of faith]

   It allows you to gain divine favour quickly.
   rElec:     It insulates you from electricity.
   Fly:       It grants you flight.
   rCorr:     It protects you from acid and corrosion.
 Q - a ring of ice
 Y - the ring "Numoch" (right hand) {rPois Str+6}
   (You took it off a deep elf pyromancer on level 9 of the Dungeon)

   [ring of strength]

   Str:       It affects your strength (+6).
   rPois:     It protects you from poison.
Wands
 g - a wand of digging (3)
 k - a wand of roots (5)
 J - a wand of quicksilver (12)
 W - a wand of paralysis (6)
 X - a wand of mindburst (10)
Scrolls
 c - 5 scrolls of fog
 d - 2 scrolls of magic mapping
 q - 5 scrolls of teleportation
 r - a scroll of vulnerability
 s - a scroll of blinking
 v - 3 scrolls of enchant armour
 y - a scroll of silence
 A - 5 scrolls of enchant weapon
 S - a scroll of summoning {unknown}
 U - 3 scrolls of fear
Potions
 f - 7 potions of haste
 l - 5 potions of cancellation
 m - 4 potions of attraction
 n - 4 potions of heal wounds
 t - 7 potions of curing
 u - 2 potions of mutation
 z - 3 potions of resistance
 C - 2 potions of magic {unknown}
 D - 3 potions of lignification
 G - a potion of might
 T - a potion of flight
Miscellaneous
 E - a box of beasts


   Skills:
 + Level 9.6 Fighting
 - Level 3.6 Short Blades
 + Level 4.2 Axes
 - Level 5.5 Throwing
 + Level 8.1 Armour
 + Level 8.4 Dodging
 - Level 6.0 Stealth
 + Level 11.2 Evocations


You had 11 spell levels left.
You didn't know any spells.
Your spell library contained the following spells:

 Spells                   Type           Power      Damage    Failure   Level
 Sandblast                Erth           0%         2d4       96%         1
 Blink                    Tloc           0%         N/A       99%         2
 Passwall                 Tmut/Erth      0%         N/A       99%         2
 Lesser Beckoning         Tloc           0%         N/A       100%        3
 Portal Projectile        Hex/Tloc       0%         N/A       100%        3
 Stone Arrow              Conj/Erth      0%         3d7       100%        3
 Tukima's Dance           Hex            0%         N/A       100%        3
 Corpse Rot               Necr/Pois/Air  0%         N/A       100%        4
 Dispel Undead            Necr           0%         3d6       100%        4
 Blade Hands              Tmut           0%         N/A       100%        5
 Manifold Assault         Tloc           0%         N/A       100%        5
 Death Channel            Necr           0%         N/A       100%        6


Dungeon Overview and Level Annotations

Branches:
Dungeon (10/15)            Temple (1/1) D:5            Lair (1/5) D:10
 Bailey (visited)
    Orc: D:9-12

Altars:
Ashenzari
Cheibriados
Dithmenos
Fedhas
Gozag
Hepliaklqana
Kikubaaqudgha
Makhleb
Nemelex Xobeh
Okawaru
Qazlal
Ru
Sif Muna
Trog
Uskayaw
Vehumet
Wu Jian
Xom
Yredelemnul
Jiyva

Shops:
D:2 *[*[   D:4 *   D:6 *   D:9 *   D:10 (

Annotations:
Abyss:1 Fannar


Innate Abilities, Weirdness & Mutations

You have a pair of small antennae on your head.
You are mostly covered in icy blue scales. (AC +3)
Your demonic aura often causes spilled blood to erupt in flames.
You sometimes gain a little power by taking damage.


Message History

The +8 whip "Snakebite" {venom, curare, rPois} stops dripping with poison.
b - a +4 broad axe (weapon)
The revenant shouts!
Something shouts, "Fly, thou pecksniffian moon-mazed slime mould!"
The spriggan defender skeleton barely misses you.
The hellion hits you but does no damage.
You miss the spriggan defender skeleton.
The spriggan defender skeleton is almost destroyed.
You closely miss the hellion.
The spriggan defender skeleton hits you but does no damage.
The spriggan defender skeleton hits you.
The hellion hits you but does no damage. x2
The spriggan defender skeleton hits you but does no damage.
Blink to where?
Press: ? - help, Dir - move target
As you read the scroll of blinking, it crumbles to dust.
As you read the scroll of teleportation, it crumbles to dust.
You feel strangely unstable.
You feel the power of the Abyss delaying your translocation!
An ancient zyme comes into view.
You feel yourself growing ill in the presence of the ancient zyme.
The hellion gestures at you.
The sphere of damnation explodes!
The damnation engulfs you!!
A small abomination comes into view.
The hellion gestures at you.
The sphere of damnation explodes!
The damnation engulfs you!
You focus on the pain.
You feel your power returning.
You hear an angry hiss.
The hellion gestures at you.
The sphere of damnation explodes!
The damnation engulfs you!!
* * * LOW HITPOINT WARNING * * *
You feel much better.
You feel ill. The hellion gestures at you.
The sphere of damnation explodes!
The damnation engulfs you!!
* * * LOW HITPOINT WARNING * * *
You focus on the pain.
You feel mightier all of a sudden. The hellion gestures at you.
The sphere of damnation explodes!
The damnation engulfs you!!
You die...

. .# ###
#. ..#
#.## #. ##
#.. ##
..##
#..#.# .
#@.#.x##.
##2##.#.#.
#.#xx# .#.
#..#..# .
.#
#.###.####
#..# #.#
#...#.## #
#.#.. ##.#
. ##.#.#.
## . # #
..x####. .
.


You could see an ancient zyme and a hellion.

Vanquished Creatures
  A cacodemon (Abyss:2)
  2 boulder beetles (D:9)
  A hydra (Lair:1)
  Erolcha (D:9)
  A two-headed ogre (D:8)
  A large abomination (Abyss:2)
  A deep elf pyromancer (D:9)
  An ugly thing (D:9)
  4 black mambas (Lair:1)
  Joseph (D:10)
  An orange demon (Abyss:2)
  An unseen horror (D:10)
  Maggie (D:10)
  A troll (D:10)
  A slime creature (D:9)
  A shadow (D:10)
  4 yaks (D:10)
  4 wyverns
  2 steam dragons
  A basilisk (D:10)
  7 water moccasins
  8 orc warriors
  3 ice beasts
  2 black bears
  4 ogres
  A phantom (D:5)
  2 centaurs
  8 kobold brigands
  4 bullfrogs
  3 scorpions
  A gnoll sergeant (D:10)
  7 wights
  A hornet simulacrum (D:9)
  8 killer bees (D:9)
  5 electric eels (D:6)
  3 howler monkeys (D:9)
  6 hounds
  5 iguanas
  7 orc priests
  15 orc wizards
  15 gnolls
  14 adders
  A shadow imp (D:8)
  2 white imps
  2 ufetubi
  2 worms
  3 dart slugs
  34 orcs
  6 bats
  3 endoplasms (D:1)
  4 giant cockroaches (D:1)
  7 goblins
  13 hobgoblins
  7 jackals
  59 kobolds
  A quokka (D:1)
  6 ball pythons
  A frilled lizard (D:1)
  9 rats
320 creatures vanquished.

Vanquished Creatures (others)
  14 fungi
  14 plants (D:10)
28 creatures vanquished.

Grand Total: 348 creatures vanquished

Notes
Turn   | Place    | Note
-------+----------+-------------------------------------------
     0 | D:5      | flotson the Demonspawn Delver began the quest for the Orb.
     0 | D:5      | Reached XP level 1. HP: 18/18 MP: 1/1
   534 | D:1      | Gained mutation: Your demonic aura sometimes causes spilled
                  | blood to erupt in flames. [demonic ancestry]
   534 | D:1      | Reached XP level 2. HP: 16/24 MP: 2/2
   796 | D:1      | Found a faded altar of an unknown god.
   959 | D:1      | Reached skill level 1 in Evocations
  1114 | D:1      | Reached XP level 3. HP: 29/29 MP: 3/3
  1234 | D:1      | Reached skill level 1 in Armour
  1506 | D:2      | Found Uplix's Armour Boutique.
  1537 | D:2      | Found Jycep's Armour Shop.
  1548 | D:2      | Reached skill level 1 in Throwing
  1635 | D:2      | Found Fasabuap's General Store.
  1645 | D:2      | Bought a potion of curing for 33 gold pieces
  1645 | D:2      | Bought a potion of degeneration for 11 gold pieces
  1645 | D:2      | Bought a scroll of identify for 22 gold pieces
  1649 | D:2      | Identified the +9 dagger of Impermanence {distort, *Rage
                  | Dex+6}
  1768 | D:2      | Found Owiun's Assorted Antiques.
  2010 | D:2      | Bought a white potion for 18 gold pieces
  2010 | D:2      | Bought 2 glowing ruby potions for 37 gold pieces
  2035 | D:3      | Found an iron altar of Okawaru.
  2037 | D:3      | Reached XP level 4. HP: 35/35 MP: 4/4
  2256 | D:2      | Bought a scroll labelled NINNAE CIELU for 21 gold pieces
  2271 | D:3      | Found an ornate altar of the Wu Jian Council.
  2892 | D:4      | Gained mutation: You are partially covered in icy blue
                  | scales. (AC +2) [demonic ancestry]
  2892 | D:4      | Reached XP level 5. HP: 41/41 MP: 5/5
  2919 | D:4      | Found Hej Fio's General Store.
  2922 | D:4      | Bought a scroll of identify for 22 gold pieces
  2981 | D:4      | Reached skill level 1 in Short Blades
  3029 | D:4      | Reached skill level 2 in Evocations
  3101 | D:4      | Reached XP level 6. HP: 19/48 MP: 6/6
  3741 | D:2      | Bought a +0 cloak of poison resistance for 93 gold pieces
  3904 | D:5      | Gained mutation: You sometimes gain a little power by
                  | taking damage. [demonic ancestry]
  3904 | D:5      | Reached XP level 7. HP: 54/54 MP: 7/7
  4081 | D:5      | Reached skill level 3 in Evocations
  4400 | D:5      | Found a blossoming altar of Fedhas.
  4509 | D:5      | Found a staircase to the Ecumenical Temple.
  4520 | Temple   | Entered the Ecumenical Temple
  4910 | D:5      | Reached XP level 8. HP: 61/61 MP: 8/8
  5094 | D:6      | Found Qelamips's Mass Market.
  5098 | D:6      | Reached skill level 5 in Fighting
  5199 | D:6      | Reached skill level 4 in Evocations
  6221 | D:7      | Found a flagged portal.
  6240 | Bailey   | Entered a bailey
  6279 | Bailey   | Gained mutation: You have a pair of small antennae on your
                  | head. [demonic ancestry]
  6279 | Bailey   | Reached XP level 9. HP: 47/69 MP: 9/9
  6348 | Bailey   | Identified the +1 robe of Fooggy {rF+ Stlth+}
  6360 | Bailey   | Found a bloodstained altar of Trog.
  6366 | Bailey   | Reached skill level 5 in Stealth
  6366 | Bailey   | Reached skill level 5 in Evocations
  6368 | Bailey   | Reached skill level 5 in Dodging
  6392 | Bailey   | Identified the amulet "Fejuic Hauq" {Faith Fly rElec rCorr}
  6689 | D:7      | Found an ancient bone altar of Kikubaaqudgha.
  6919 | D:7      | Reached skill level 5 in Throwing
  7222 | D:8      | Noticed a two-headed ogre
  7227 | D:8      | Reached skill level 5 in Armour
  7238 | D:8      | Killed a two-headed ogre
  7239 | D:8      | Gained mutation: Your demonic aura often causes spilled
                  | blood to erupt in flames. [demonic ancestry]
  7239 | D:8      | Reached XP level 10. HP: 77/77 MP: 10/10
  7477 | D:8      | Reached skill level 6 in Evocations
  7601 | D:8      | Found a burning altar of Makhleb.
  7601 | D:8      | Found a bloodstained altar of Trog.
  7782 | D:2      | Bought a scroll labelled ZUWEHE XODA for 21 gold pieces
  7782 | D:2      | Bought a potion of curing for 63 gold pieces
  7782 | D:2      | Bought a lead wand for 84 gold pieces
  7874 | D:4      | Bought a scroll of fear for 44 gold pieces
  7874 | D:4      | Bought a scroll of acquirement for 572 gold pieces
  7874 | D:4      | Bought a scroll of enchant armour for 82 gold pieces
  7874 | D:4      | Acquired a manual of Evocations
  8033 | D:9      | Found an opulent altar of Gozag.
  8055 | D:9      | Found a sparkling altar of Nemelex Xobeh.
  8080 | D:9      | Noticed Erolcha
  8084 | D:9      | Killed Erolcha
  8129 | D:9      | Reached skill level 7 in Evocations
  8232 | D:9      | Noticed a deep elf pyromancer
  8233 | D:9      | Noticed a boulder beetle
  8235 | D:9      | Found the +3 Mad Mage's Maulers {Infuse+∞ RegenMP Int-3}
  8237 | D:9      | Noticed a cyan ugly thing
  8247 | D:9      | Found Gozag's Platinum Reserve.
  8352 | D:9      | Reached skill level 8 in Evocations
  8522 | D:9      | Identified the ring "Numoch" {rPois Str+6}
  8532 | D:9      | Killed a deep elf pyromancer
  8550 | D:9      | Killed a boulder beetle
  8551 | D:9      | Reached XP level 11. HP: 60/86 MP: 11/11
  8581 | D:9      | Noticed a boulder beetle
  8595 | D:9      | Killed a boulder beetle
  8660 | D:9      | Killed a cyan ugly thing
  8661 | D:9      | Reached skill level 9 in Evocations
  9064 | D:10     | Entered Level 10 of the Dungeon
  9072 | D:10     | Found a staircase to the Lair.
  9127 | D:10     | Noticed Maggie
  9135 | D:10     | Killed Maggie
  9218 | D:10     | Noticed Fannar
  9228 | D:10     | Banished Fannar
  9376 | D:10     | Reached skill level 10 in Evocations
  9568 | D:10     | Noticed Joseph
  9574 | D:10     | Killed Joseph
  9759 | D:10     | Found Dublav's Antique Weapon Shoppe.
 10044 | D:10     | Found a hazy altar of Hepliaklqana.
 10044 | D:10     | Found a basalt altar of Yredelemnul.
 10046 | D:10     | Found a sacrificial altar of Ru.
 10246 | Lair:1   | Entered Level 1 of the Lair of Beasts
 10389 | Lair:1   | Noticed a seven-headed hydra
 10396 | Lair:1   | Killed a seven-headed hydra
 10914 | Lair:1   | Gained mutation: You are mostly covered in icy blue scales.
                  | (AC +3) [demonic ancestry]
 10914 | Lair:1   | Reached XP level 12. HP: 96/96 MP: 0/12
 10985 | Lair:1   | Found the +8 whip "Snakebite" {venom, curare, rPois}
 10990 | Abyss:2  | Cast into level 2 of the Abyss (unwielding a weapon of
                  | distortion)
 11033 | Abyss:2  | Reached skill level 11 in Evocations
 11149 | Abyss:2  | Noticed a cacodemon
 11160 | Abyss:2  | Killed a cacodemon
 11164 | Abyss:2  | Noticed a revenant
 11172 | Abyss:2  | Killed from afar by a hellion

Illustrated notes

Levels and vault maps discovered:
D:1:      onia_arrival_mini_maze, layout_loops_ring,
          ebering_ecumenical_altar_petrified
D:2:      layout_rooms, serial_curves, eino_curves_04, eino_curves_03,
          eino_curves_02, serial_shops, shop, nicolae_shop_crystal,
          nicolae_shop_behind_doors, shop, chequers_serial_rivers_small_b,
          minmay_box_of_dots
D:3:      layout_loops_ring, okawaru_metal_pillars_1_2, old_standard_altar,
          minmay_quadrilaterals
D:4:      layout_loops_ring, serial_shops, shop
D:5:      layout_basic, mainiacjoe_overflow_concentric_impassable,
          minmay_temple_entry_ruins, serial_aquarium,
          aquarium_bridge_long_joined [aquarium_subvault_balcony,
          aquarium_subvault_bridge, aquarium_subvault_wall,
          aquarium_subvault_wall, aquarium_subvault_bridge,
          aquarium_subvault_wall], aquarium_bridge_straight
          [aquarium_subvault_bridge, aquarium_subvault_balcony,
          aquarium_subvault_bridge, aquarium_subvault_wall], aquarium_window_1,
          aquarium_window_1, aquarium_view_2b, aquarium_view_2c,
          aquarium_pool_2, grunt_ministairs_3
D:6:      minmay_goblin_kobold_castle, layout_cave_pools,
          corexii_leaking_fountain, minmay_shop_mass
D:7:      layout_loops_ring, lemuel_round_altar, enter_bailey_2
D:8:      layout_cave_pools, nicolae_tso_swordbearing_angel,
          amethyst_overflow_temple_binary
D:9:      minmay_the_grid_octo_triangle [minmay_the_grid_octo_thin_diamonds,
          minmay_the_grid_octo_prize_ultimate_mussel_roller,
          minmay_the_grid_octo_teeth], layout_gridville,
          nicolae_gozag_zags_fifth_avenue, nemelex_spade_bored_becter,
          uniq_erolcha
D:10:     layout_basic, elyvilon_altar_3, minitemple, minmay_lair_entry_grove,
          serial_shops, nicolae_shop_hallway_plus, uniq_fannar, uniq_maggie,
          uniq_joseph
Temple:   pf_slimified_temple
Lair:1:   minmay_guarded_unrand_snakebite, layout_long_grid,
          infiniplex_staircase_pool_2
Abyss:2:  base: D:10, minivault_27

Skill      XL: |  1  2  3  4  5  6  7  8  9 10 11 12 |
---------------+-------------------------------------+-----
Dodging        | 2 3 4 5 7 8 |  8.4
Evocations     | 1 2 3 4 5 8 10 11 | 11.2
Armour         | 1 2 3 4 5 6 7 8 |  8.1
Throwing       | 1 2 3 4 5 |  5.5
Short Blades   | 1 2 3 |  3.6
Fighting       | 4 5 6 8 9 |  9.6
Stealth        | 5 6 |  6.0
Axes           | 3 4 |  4.2

Action                   |  1- 3 |  4- 6 |  7- 9 | 10-12 || total
-------------------------+-------+-------+-------+-------++-------
Melee: Hand axe          |    94 |       |       |       ||    94
       Punch             |     1 |       |     4 |     4 ||     9
       Dagger            |     8 |    79 |   264 |   278 ||   629
       Whip              |       |       |       |    32 ||    32
       Broad axe         |       |       |       |     1 ||     1
Throw: Dart              |       |       |       |     6 ||     6
  Use: Scroll            |       |    10 |     8 |     8 ||    26
       Potion            |       |     1 |       |     1 ||     2
 Stab: Sleeping          |     6 |     7 |     9 |     1 ||    23
       Distracted        |       |     1 |       |       ||     1
Armor: Ring mail         |    63 |    42 |   144 |    61 ||   310
       Leather armour    |     1 |       |       |       ||     1
       Chain mail        |       |       |       |   184 ||   184
Dodge: Dodged            |    55 |    54 |   146 |   220 ||   475

Table legend: (Time is in decaauts)
 A = Elapsed time spent in this place.
 B = Non-inter-level travel time spent in this place.
 C = Inter-level travel time spent in this place.
 D = Time resting spent in this place.
 E = Time spent auto-exploring this place.
 F = Levels seen in this place.
 G = Mean time per level.
                   A        B        C        D        E       F      G
               +--------+--------+--------+--------+--------+-----+--------+
         Total |  11667 |  10716 |    951 |     63 |   8064 |  14 |  833.4 |
       Dungeon |  10385 |   9453 |    932 |     63 |   7104 |  10 | 1038.5 |
        Temple |    103 |     84 |     19 |      0 |     78 |   1 |  103.0 |
          Lair |    763 |    763 |      0 |      0 |    655 |   1 |  763.0 |
         Abyss |    188 |    188 |      0 |      0 |    121 |   1 |  188.0 |
        Bailey |    225 |    225 |      0 |      0 |    105 |   1 |  225.0 |
               +--------+--------+--------+--------+--------+-----+--------+

Top non-repeatable levels by time:
     D:5: 1310 daAuts
     D:4: 1246 daAuts
    D:10: 1239 daAuts
     D:6: 1225 daAuts
     D:9: 1130 daAuts
     D:1: 1026 daAuts
     D:3: 926 daAuts
     D:2: 865 daAuts
     D:7: 833 daAuts
  Lair:1: 763 daAuts
     D:8: 583 daAuts
  Bailey: 225 daAuts
 Abyss:2: 188 daAuts
  Temple: 103 daAuts
